 Dungeon Crawl Stone Soup version 0.27.1-34-g3ba077fa99 (webtiles) character file.

Game seed: 5253228992308353260

529 mcbry74 the Ruffian (level 7, -2/66 HPs)
             Began as a Troll Monk on Jan 28, 2022.
             Slain by Pikel (3 damage)
             ... on level 4 of the Dungeon.
             The game lasted 00:13:00 (1689 turns).

mcbry74 the Ruffian (Troll Monk)                    Turns: 1689, Time: 00:13:03

Health: -2/66      AC:  4    Str: 20    XL:     7   Next: 3%
Magic:  6/6        EV: 10    Int:  8    God:
Gold:   118        SH:  5    Dex: 12    Spells: 6/6 levels left

rFire    . . .     SeeInvis .     - Unarmed
rCold    . . .     Faith    .   (no shield)
rNeg     . . .     Spirit   .   a - +0 robe
rPois    .         Reflect  +   (helmet restricted)
rElec    .         Harm     .   (no cloak)
rCorr    .         Rampage  .   (gloves unavailable)
Will     .....                  (boots unavailable)
Stlth    ++........             d - amulet of reflection
HPRegen  1.21/turn              (no ring)
MPRegen  0.10/turn              (no ring)

@: no status effects
A: large, unfitting armour, claws 3, regeneration 1, shaggy fur 1, tough skin 1
a: no special abilities


You were on level 4 of the Dungeon.
You visited 1 branch of the dungeon, and saw 4 of its levels.

You collected 118 gold pieces.

Inventory:

Missiles
 j - 34 poisoned darts (quivered)
 m - 22 sling bullets
Armour
 a - a +0 robe (worn)
Jewellery
 d - an amulet of reflection (around neck)
Scrolls
 b - 2 scrolls of identify {unknown}
 e - a scroll of enchant armour {unknown}
 g - a scroll of vulnerability {unknown}
 i - a scroll of noise {unknown}
 n - a scroll of enchant weapon {unknown}
Potions
 c - 2 potions of curing {unknown}
 f - a potion of magic {unknown}
 h - 3 potions of haste
 k - a potion of heal wounds {unknown}
 l - a potion of cancellation {unknown}


   Skills:
 - Level 2.5 Fighting
 - Level 3.0 Dodging
 - Level 1.1 Stealth
 * Level 7.7 Unarmed Combat
 + Level 0.0 Transmutations


You had 6 spell levels left.
You didn't know any spells.
Your spell library contained the following spells:

 Spells                   Type           Power      Damage    Failure   Level
 Beastly Appendage        Tmut           0%         N/A       41%         1
 Shock                    Conj/Air       0%         1d3       41%         1
 Slow                     Hex            0%         N/A       54%         2
 Wereblood                Tmut           0%         N/A       54%         2
 Confusing Touch          Hex            0%         N/A       78%         3
 Spider Form              Tmut/Pois      0%         N/A       78%         3
 Swiftness                Air            0%         N/A       78%         3
 Vampiric Draining        Necr           0%         2d6       78%         3
 Airstrike                Air            0%         N/A       99%         4


Dungeon Overview and Level Annotations

Branches:
Dungeon (4/15)
 Temple: D:4-7

Altars:
Uskayaw

Annotations:
D:4 Pikel


Innate Abilities, Weirdness & Mutations

You are too large for most types of armour.
You have claws for hands.
Your natural rate of healing is unusually fast.
You are covered in fur. (AC +1)
You have tough skin. (AC +1)


Message History

Pikel burns you. The lemure hits you. The lemure misses you.
You scratch Pikel.
Pikel is moderately wounded.
The lemure hits you. x2; Pikel closely misses you.
You miss Pikel. You claw Pikel!
Pikel is heavily wounded.
The lemure closely misses you. x3
Pikel hits you with a +1 whip of flaming.
* * * LOW HITPOINT WARNING * * *
Pikel burns you.
* * * LOW HITPOINT WARNING * * *
You scratch Pikel.
Pikel is severely wounded.
The lemure hits you.
* * * LOW HITPOINT WARNING * * *
The lemure completely misses you. The lemure hits you but does no damage.
Pikel hits you with a +1 whip of flaming.
* * * LOW HITPOINT WARNING * * *
Pikel burns you.
* * * LOW HITPOINT WARNING * * *
You closely miss Pikel.
Pikel is severely wounded.
The lemure closely misses you.
You closely miss Pikel.
Pikel is severely wounded.
The lemure hits you but does no damage. The lemure hits you.
* * * LOW HITPOINT WARNING * * *
Pikel hits you with a +1 whip of flaming.
* * * LOW HITPOINT WARNING * * *
Pikel burns you.
* * * LOW HITPOINT WARNING * * *
The lemure hits you but does no damage.
You scratch Pikel.
Pikel is severely wounded.
The lemure hits you.
* * * LOW HITPOINT WARNING * * *
The lemure barely misses you.
Pikel says, "You'll feel the lick of my whip!"
Pikel hits you with a +1 whip of flaming.
You die...

......#. ..# .o
........ ..#
..##.......##..#
.........##....#
##.......##....# #
..........#....##..
#................ ###
##.......55.......
#..##......#55@....#(
..........##.K##...#
.## #.#....5#..o.. ...#
.#.##.#......(........#
......................#
......................#
.......#....#.##..(..#
.......###..### ......
........#..... .


You could see Pikel, 4 lemures and an orc.

Vanquished Creatures
  Grinder (D:3)
  The ghost of mandor the Ducker, an amateur DjWz (D:3)
  A hound (D:3)
  Jessica (D:3)
  Natasha (thrice) (D:2)
  5 adders
  3 worms
  3 dart slugs
  3 orcs (D:3)
  5 ball pythons
  5 bats
  16 endoplasms
  2 giant cockroaches
  11 hobgoblins
  6 quokkas
  3 frilled lizards
  7 goblins
  7 kobolds
  6 rats
89 creatures vanquished.

Notes
Turn   | Place    | Note
-------+----------+-------------------------------------------
     0 | D:1      | mcbry74 the Troll Monk began the quest for the Orb.
     0 | D:1      | Reached XP level 1. HP: 22/22 MP: 0/0
    34 | D:1      | Reached XP level 2. HP: 29/29 MP: 1/1
   435 | D:2      | Reached XP level 3. HP: 36/36 MP: 2/2
   521 | D:2      | Reached skill level 4 in Unarmed Combat
   582 | D:2      | Reached XP level 4. HP: 44/44 MP: 3/3
   594 | D:2      | Noticed Natasha
   601 | D:2      | Killed Natasha
   694 | D:2      | Reached skill level 5 in Unarmed Combat
   757 | D:2      | Found a faded altar of an unknown god.
   888 | D:2      | Noticed Natasha
   896 | D:2      | Killed Natasha
   897 | D:2      | Reached XP level 5. HP: 42/50 MP: 4/4
   900 | D:2      | Noticed Natasha
   907 | D:2      | Killed Natasha
  1057 | D:3      | Reached skill level 6 in Unarmed Combat
  1172 | D:3      | Noticed Grinder
  1174 | D:3      | Found a large runed translucent door.
  1174 | D:3      | Found a large runed translucent door.
  1189 | D:3      | Killed Grinder
  1190 | D:3      | Reached skill level 7 in Unarmed Combat
  1190 | D:3      | Reached XP level 6. HP: 4/59 MP: 5/5
  1204 | D:3      | Noticed mandor's ghost (amateur DjWz)
  1290 | D:3      | Noticed Jessica
  1293 | D:3      | Killed mandor's ghost
  1306 | D:3      | Killed Jessica
  1307 | D:3      | Reached XP level 7. HP: 66/66 MP: 6/6
  1497 | D:3      | Found a hide-covered altar of Uskayaw.
  1666 | D:4      | Noticed Pikel
  1689 | D:4      | HP: 1/66 [lemure[Pikel] (4)]
  1689 | D:4      | Slain by Pikel

Illustrated notes

Levels and vault maps discovered:
D:1:      saegor_arrival_simple_c, layout_rooms
D:2:      layout_rooms, chequers_ecumenical_altar_twisty, st_stairs_11,
          minmay_hexomino_f4, uniq_natasha
D:3:      layout_rooms, eat_drink_and_be_merry_uskayaw,
          ebering_ghost_disaster_area, kennysheep_decorative_pillar,
          uniq_jessica, uniq_grinder
D:4:      layout_cave_pools, uniq_pikel

Skill      XL: |  1  2  3  4  5 |
---------------+----------------+-----
Dodging        | 3 |  3.0
Unarmed Combat | 4 5 7 |  7.7
Fighting       | |  2.5
Stealth        | |  1.1

Action                   |  1- 3 |  4- 6 |  7- 9 || total
-------------------------+-------+-------+-------++-------
Melee: Unarmed           |    88 |   113 |    16 ||   217
       Punch             |       |     1 |     1 ||     2
Throw: Dart              |       |       |     4 ||     4
 Stab: Sleeping          |     3 |       |       ||     3
Armor: Robe              |    16 |    29 |     8 ||    53
Dodge: Dodged            |    26 |    45 |    14 ||    85
Block: Other             |    10 |    13 |     2 ||    25
